Map: Ever Dream LE

Players

MeomaikA

  • Race: Zerg Zerg
  • League: Grandmaster
  • Spawn Location: 1:00

Seither - Winner!

  • Race: Terran Terran
  • Spawn Location: 7:00

Event: DreamHack SC2 Masters 2020 Fall

VOD

Have the link to the VOD?

Description

Time

  • Played on: Aug. 30, 2020, 5:52 a.m.
  • Length: 14:49

All games in this series

Show
View Real Time Build Order
Export as new Build Order

MeomaikA Zerg 

Build Orders: Pool First 

Get SALT Encoding   

  12  0:00  Drone  
  13  0:08  Drone  
  14  0:17  Overlord  
  14  0:24  Drone, Extractor  
  15  0:35  Drone x2  
  17  0:44  Spawning Pool  
  17  0:48  Drone  
  17  1:08  Hatchery  
  17  1:11  Drone  
  17  1:12  Extractor  
  17  1:16  Drone  
  17  1:30  Zergling x4  
  17  1:32  Queen  
  21  1:37  Drone  
  22  1:47  Overlord  
  22  1:55  Spine Crawler  
  21  2:03  Extractor  
  21  2:05  Zergling x2  
  21  2:07  Queen  
  23  2:10  Zergling x2  
  25  2:19  Queen  
  27  2:29  Metabolic Boost  
  27  2:31  Drone  
  27  2:35  Drone  
  29  2:38  Drone  
  29  2:42  Drone  
  31  2:47  Drone  
  31  2:49  Drone  
  33  2:53  Drone  
  34  3:02  Drone, Overlord  
  34  3:03  Drone  
  36  3:12  Overlord  
  36  3:17  Drone, Evolution Chamber  
  36  3:20  Drone x2  
  36  3:24  Drone  
  36  3:26  Drone  
  40  3:27  Drone  
  40  3:29  Drone  
  40  3:33  Drone x2  
  44  3:38  Overlord  
  44  3:45  Zerg Ground Armor Level 1  
  44  3:50  Overlord  
  44  3:52  Extractor  
  44  3:53  Extractor  
  44  3:54  Drone x2  
  44  3:57  Drone  
  44  3:58  Drone  
  44  4:00  Drone  
  44  4:02  Drone  
  48  4:08  Lair  
  49  4:10  Drone  
  49  4:11  Drone  
  49  4:14  Drone  
  49  4:17  Drone x2  
  53  4:18  Drone  
  54  4:26  Drone x2  
  54  4:31  Overlord  
  56  4:33  Zergling x8  
  60  4:48  Hatchery  
  60  4:49  Zergling x2  
  60  4:50  Overlord x2  
  60  4:53  Overlord  
  60  4:56  Overlord  
  60  5:05  Overlord  
  60  5:08  Queen  
  60  5:09  Hydralisk Den  
  61  5:15  Queen  
  61  5:17  Drone x3  
  61  5:19  Drone  
  61  5:20  Drone  
  69  5:21  Drone  
  69  5:25  Drone  
  70  5:31  Overlord  
  70  5:40  Zerg Ground Armor Level 2  
  70  5:41  Hydralisk  
  70  5:42  Grooved Spines  
  72  5:44  Hydralisk  
  74  5:50  Hydralisk  
  74  5:51  Hydralisk  
  74  5:56  Hydralisk  
  80  5:59  Hydralisk  
  80  6:01  Drone  
  83  6:07  Hydralisk  
  83  6:11  Hydralisk  
  85  6:14  Drone  
  85  6:15  Extractor  
  85  6:17  Hydralisk, Spore Crawler  
  86  6:31  Hatchery  
  80  6:42  Hydralisk x2  
  80  6:43  Zergling x4  
  80  6:44  Hydralisk x2  
  90  6:48  Drone  
  90  6:51  Drone x2  
  90  6:52  Drone  
  90  6:53  Drone x2, Muscular Augments  
  96  6:57  Hydralisk  
  96  6:59  Overlord  
  98  7:02  Overlord  
  98  7:03  Drone  
  98  7:04  Drone  
  98  7:07  Hydralisk  
  102  7:11  Overlord  
  102  7:12  Drone x2  
  102  7:14  Drone  
  104  7:23  Hydralisk x2  
  104  7:25  Hydralisk  
  104  7:29  Drone  
  110  7:31  Drone x3  
  110  7:33  Drone, Spine Crawler  
  110  7:36  Drone  
  114  7:40  Drone  
  114  7:44  Drone x4  
  118  7:45  Drone, Infestation Pit  
  118  7:46  Drone  
  118  7:48  Drone  
  118  7:50  Drone x2  
  123  7:53  Drone  
  123  7:54  Drone x2  
  123  7:56  Zerg Missile Weapons Level 1  
  123  7:57  Spore Crawler  
  123  7:58  Drone  
  126  8:01  Hydralisk x2  
  130  8:06  Extractor  
  129  8:13  Hydralisk x3  
  129  8:14  Overlord x3  
  129  8:18  Overlord  
  135  8:23  Spore Crawler  
  135  8:25  Overlord x2  
  135  8:26  Zergling x2  
  135  8:27  Overseer  
  135  8:29  Pneumatized Carapace  
  135  8:30  Overseer x2  
  135  8:32  Hydralisk  
  135  8:33  Zergling x4  
  139  8:36  Hydralisk  
  139  8:39  Hydralisk  
  139  8:40  Zergling x8  
  147  8:42  Zergling x2  
  147  8:43  Zergling x4  
  147  8:44  Drone x2  
  147  8:45  Drone  
  147  8:46  Drone  
  147  8:48  Extractor  
  153  8:55  Hive  
  153  8:57  Drone x3  
  153  8:58  Extractor  
  153  8:59  Zergling x12  
  153  9:01  Zergling x2  
  162  9:04  Zergling x6  
  162  9:06  Zergling x2  
  162  9:08  Zergling x4  
  162  9:09  Zergling x4  
  170  9:10  Hydralisk  
  170  9:11  Extractor  
  170  9:12  Drone x2  
  170  9:13  Drone  
  170  9:17  Zergling x6  
  176  9:19  Zergling x4  
  176  9:20  Zergling x2  
  181  9:24  Zergling x4  
  181  9:27  Zergling x2  
  183  9:40  Overlord  
  183  9:43  Overlord  
  183  9:44  Overlord  
  183  9:55  Hatchery  
  182  10:03  Hydralisk x2  
  182  10:04  Hydralisk x2  
  182  10:06  Hydralisk x2  
  188  10:07  Hydralisk x2  
  188  10:13  Hydralisk x3  
  193  10:18  Zergling x2  
  193  10:19  Zergling x4  
  193  10:20  Zergling x4  
  152  10:22  Zergling x2  
  152  10:23  Zergling x24  
  152  10:25  Hydralisk  
  152  10:27  Hydralisk  
  134  10:33  Hydralisk x3  
  134  10:35  Hydralisk  
  136  10:36  Hydralisk  
  136  10:38  Zergling x4  
  136  10:39  Zergling x2  
  139  10:49  Ultralisk Cavern, Zerg Ground Armor Level 3  
  138  10:53  Evolution Chamber  
  138  10:56  Zergling x10  
  142  10:57  Zergling x2  
  142  10:58  Zergling x2  
  142  11:01  Drone x2  
  142  11:02  Drone  
  142  11:03  Hydralisk  
  147  11:10  Zergling x2  
  150  11:13  Zergling x2  
  150  11:18  Zerg Missile Weapons Level 2  
  150  11:25  Extractor  
  147  11:27  Drone x7  
  147  11:28  Drone x6  
  157  11:41  Chitinous Plating  
  157  12:00  Ultralisk x5  
  187  12:05  Ultralisk  
  187  12:07  Hydralisk  
  187  12:08  Hydralisk  
  195  12:11  Hydralisk  
  195  12:15  Baneling Nest  
  198  12:21  Zergling x2  
  197  12:23  Zergling x2  
  197  12:25  Hatchery  
  189  12:32  Zergling x24  
  177  12:47  Zergling x4  
  177  12:48  Zergling x4  
  177  12:49  Zergling x2  
  177  12:50  Zergling x26  
  173  12:54  Zergling x2  
  173  12:55  Zergling x6  
  177  13:00  Anabolic Synthesis  
  177  13:02  Zergling x4  
  177  13:05  Hydralisk x2  
  181  13:10  Zergling x2  
  181  13:12  Zergling x2  
  173  13:13  Zergling x2  
  173  13:17  Zergling x4  
  173  13:19  Zergling x6  
  160  13:20  Zergling x4  
  160  13:23  Hydralisk  
  160  13:25  Hydralisk x2  
  160  13:26  Hydralisk  
  110  13:34  Hydralisk  
  110  13:38  Zergling x2, Baneling x16  
  110  13:39  Zergling x2  
  110  13:40  Zergling x4  
  116  13:46  Hydralisk  
  116  13:47  Zergling x2  
  116  13:48  Zergling x6  
  122  13:49  Zergling x2  
  122  13:50  Zergling x4  
  124  13:58  Zergling x4  
  124  13:59  Zergling x2  
  120  14:04  Zergling x2  
  120  14:05  Zergling x2  
  120  14:07  Zergling x2  
  120  14:09  Baneling  
  118  14:10  Baneling x13  
  118  14:11  Zergling x6  
  118  14:13  Zergling x2  
  118  14:15  Baneling  
  122  14:17  Zergling x2  
  122  14:21  Zergling x4, Hatchery  
  122  14:22  Zergling x4  
  119  14:28  Zergling x2  
  119  14:30  Zergling x2  
  119  14:31  Zergling x4  
Show
View Real Time Build Order
Export as new Build Order

Seither Terran - Winner!

Build Orders:  

Get SALT Encoding   

  12  0:00  SCV  
  13  0:12  SCV  
  14  0:18  Supply Depot  
  14  0:26  SCV  
  15  0:40  Barracks  
  15  0:51  Barracks  
  15  0:55  SCV  
  16  1:07  SCV  
  16  1:08  Refinery  
  17  1:20  SCV  
  18  1:28  Marine  
  19  1:33  Orbital Command  
  19  1:38  Marine  
  19  1:39  Supply Depot  
  20  1:45  Bunker  
  20  1:47  Marine  
  21  1:56  Marine  
  21  2:00  SCV  
  23  2:05  Marine  
  24  2:10  Factory  
  24  2:15  SCV  
  25  2:21  Marine  
  25  2:31  SCV  
  25  2:36  Marine  
  27  2:46  Command Center  
  27  2:48  SCV  
  28  2:54  Factory Reactor  
  28  2:58  Supply Depot  
  28  3:04  SCV  
  29  3:10  Starport  
  29  3:17  Refinery  
  29  3:18  SCV  
  30  3:32  Hellion x2  
  34  3:34  SCV  
  35  3:48  Medivac  
  35  3:50  SCV  
  38  3:58  Orbital Command, Hellion x2  
  42  4:07  SCV  
  42  4:09  Fusion Core  
  43  4:18  Orbital Command  
  43  4:19  Starport Tech Lab  
  43  4:23  Hellion x2  
  47  4:27  SCV  
  48  4:32  Supply Depot  
  48  4:40  SCV  
  49  4:48  Hellion x2  
  53  4:56  SCV x2  
  55  5:09  Battlecruiser  
  55  5:10  Supply Depot  
  55  5:13  SCV  
  62  5:18  Supply Depot  
  62  5:28  Barracks Tech Lab  
  62  5:32  SCV  
  63  5:36  Command Center  
  63  5:40  Barracks, SCV  
  63  5:41  Barracks  
  63  5:42  Factory Reactor  
  64  5:44  SCV  
  64  5:47  Supply Depot  
  64  5:49  Stimpack  
  65  5:54  SCV  
  65  5:55  Marine  
  65  5:56  SCV  
  68  6:04  Engineering Bay  
  68  6:09  SCV x2  
  70  6:12  Engineering Bay  
  70  6:13  Supply Depot  
  70  6:21  SCV x2  
  70  6:25  Starport Reactor  
  72  6:36  Marine x3  
  69  6:47  SCV x2  
  69  6:50  Refinery  
  69  6:51  Refinery  
  71  6:54  Orbital Command  
  71  6:56  Terran Infantry Armor Level 1, Terran Infantry Weapons Level 1  
  71  6:59  SCV x2, Supply Depot, Marine x2  
  71  7:00  Marine x3  
  71  7:01  Siege Tank  
  81  7:12  SCV x2  
  81  7:14  Supply Depot  
  83  7:17  Medivac, Marine x3  
  83  7:18  Marine x2  
  90  7:25  Medivac  
  92  7:31  Combat Shield  
  92  7:34  Barracks  
  92  7:35  Barracks, Marine x3  
  95  7:39  Marine x2  
  95  7:42  SCV x2  
  95  7:44  Siege Tank, SCV  
  100  7:48  Supply Depot  
  100  7:49  Orbital Command, Supply Depot  
  103  7:53  Marine  
  103  7:55  Marine  
  103  7:56  Marine  
  103  7:57  Marine  
  107  8:00  SCV  
  107  8:01  SCV  
  107  8:02  Medivac x2  
  113  8:11  Marine x2  
  115  8:13  Marine x2  
  115  8:15  SCV  
  115  8:16  Siege Tank, SCV  
  115  8:19  Supply Depot  
  122  8:21  Supply Depot  
  122  8:23  Barracks Reactor x2  
  122  8:27  Supply Depot  
  122  8:31  Marine x4  
  122  8:33  SCV  
  122  8:34  SCV x2  
  129  8:38  Armory  
  129  8:39  Marine  
  130  8:44  Supply Depot  
  130  8:46  SCV x3  
  130  8:47  Supply Depot  
  133  8:48  Siege Tank, Marine x2  
  133  8:53  Refinery  
  133  8:54  Refinery, Marine x2  
  140  8:56  Marine  
  140  8:57  Medivac  
  140  8:58  SCV  
  140  8:59  SCV x2  
  77  9:02  Medivac  
  146  9:08  Supply Depot  
  148  9:10  Supply Depot  
  148  9:11  SCV x3, Supply Depot  
  148  9:12  Marine x4  
  154  9:27  Marine x3  
  154  9:28  Siege Tank  
  154  9:29  Terran Infantry Weapons Level 2  
  160  9:37  Command Center  
  152  9:50  Marine x3  
  150  9:55  Marine x3  
  150  9:56  Marine  
  150  9:59  Medivac x2  
  158  10:00  Siege Tank  
  158  10:01  Factory, Barracks x2  
  158  10:04  Barracks  
  158  10:16  Marine  
  158  10:17  Marine x2  
  158  10:19  Marine x2  
  158  10:20  Marine x4  
  148  10:24  Terran Vehicle Weapons Level 1  
  127  10:29  Medivac x2  
  127  10:32  Siege Tank  
  133  10:38  Terran Infantry Armor Level 2, Marine x4  
  128  10:50  Command Center  
  128  10:53  Barracks Tech Lab x3  
  128  10:54  Widow Mine, Marine  
  128  10:55  Marauder, Marine x4  
  128  10:56  Marine  
  138  10:58  SCV x2  
  140  11:06  Marine x2  
  140  11:07  Siege Tank  
  145  11:12  Marine  
  139  11:19  Marauder, Marine  
  139  11:20  Marauder x3, Concussive Shells, Marine  
  139  11:21  Medivac x2  
  153  11:31  Marine x2  
  153  11:32  Marine  
  156  11:37  Marine x2  
  158  11:41  Marauder x2  
  158  11:42  Marauder x2, Marine x2  
  158  11:43  Siege Tank  
  158  11:44  Factory Tech Lab  
  171  11:57  Sensor Tower  
  171  11:59  Terran Infantry Weapons Level 3, Marine x2  
  171  12:00  Marine x2  
  175  12:02  Marauder x2  
  175  12:04  Marauder  
  175  12:08  SCV x2  
  183  12:10  Marine x3  
  183  12:11  Marine x2  
  183  12:15  Siege Tank  
  191  12:16  Siege Tank  
  184  12:30  Marine x2  
  184  12:31  Marine x2  
  184  12:32  Marine  
  184  12:33  Marauder x2, Marine x3  
  177  12:48  Marine x2  
  167  12:51  Marine x3  
  167  12:52  Marauder, Marine x2  
  167  12:55  Marauder x2  
  167  12:58  Planetary Fortress  
  178  13:07  Marine  
  178  13:08  Marine  
  178  13:10  Marine x4  
  167  13:21  Marine  
  167  13:22  Marauder x2, Marine x3  
  167  13:25  Siege Tank x2, Marine x2  
  167  13:26  Medivac  
  160  13:27  SCV  
  158  13:36  Marine  
  158  13:37  Marine x3  
  158  13:39  Marine x2  
  158  13:40  Marauder  
  158  13:41  SCV x4  
  169  13:44  Medivac  
  167  14:04  Marauder x2, Marine x2  
  167  14:05  Marine x3  
  167  14:06  Siege Tank x2  
  178  14:12  Marine  
  178  14:13  Marine x2  
  181  14:19  Marine  
  181  14:20  Marine  
  181  14:22  Marine x2  
  181  14:23  Marine  
  182  14:29  Marine x3  

Tags
 
Add a new tag
Caveats
  • Supply blocks, unpowered buildings, or Contaminate may cause inaccurate times.
  • Supply counts are checked every 10 seconds.